 Dungeon Crawl Stone Soup version 0.31-a0-590-g8a5a4361df (webtiles) character file.

Game seed: 4623131424357631998

1784320 jt the Grim Reaper (level 27, 177/177 HPs)
             Began as a Gargoyle Shapeshifter on Aug 19, 2023.
             Was an Initiate of Yredelemnul.
             Escaped with the Orb
             ... and 3 runes on Aug 21, 2023!
             The game lasted 05:14:10 (63281 turns).

jt the Grim Reaper (Gargoyle Shapeshifter)         Turns: 63281, Time: 05:14:11

Health: 177/177    AC: 72    Str: 37 (38) XL:     27
Magic:  40/40      EV: 11    Int: 10      God:    Yredelemnul [......]
Gold:   4453       SH: 16    Dex: 11      Spells: 26/26 levels left

rFire   + +          .
                       - Unarmed
rCold   + . .        c - +3 kite shield {AC+3}
rNeg    + + .        i - +0 crystal plate armour "Wequrabb" {rF++ Int-4}
rPois   ∞            R - +1 helmet of Dawn {Will+ Int+2}
rElec   +            Q - +1 cloak of Pojedil {Drain rPois Str+7 Int+2}
rCorr   +            x - +2 pair of gloves {Dex+3}
SInv    .            m - +5 pair of boots "Arocsu" {rElec}
Will    +++..        g - amulet "Weidgh" {Faith Regen+ Str+3} Stlth
                     l - ring of Yfyqeog {rPois rC+ rN+ Int-2}
HPRegen 1.29/turn    X - ring of Faosut {rCorr Slay+4}
MPRegen 0.27/turn

%: faith
@: flying, studying 5 skills
A: sickness immunity, AC +20, big wings, negative energy resistance 1,
electricity resistance, torment resistance 1, petrification resistance, clumsy
1, deterioration 1, dopey 1, subdued magic 1
0: Orb of Zot
}: 3/15 runes: serpentine, barnacled, silver
a: Renounce Religion, Recall Undead Harvest


You escaped.
You worshipped Yredelemnul.
Yredelemnul was exalted by your worship.
You visited 10 branches of the dungeon, and saw 48 of its levels.
You visited 1 ziggurat, and saw 8 of its levels.
You also visited: Trove, Sewer, Bailey, Ice Cave and Volcano.

You collected 9936 gold pieces.
You spent 5483 gold pieces at shops.

Inventory:

Hand Weapons
 e - the +9 staff of Olgreb {rPois∞}
   (You found it on level 3 of a ziggurat)

   Radiate:   It can be activated via the 'a'bility menu to radiate toxic
   energy, with effectiveness depending on Evocations skill.
   Pois:      It enhances your poison magic.
   rPois∞: It grants immunity to poison.
 D - a +2 demon trident of freezing
Missiles
 k - 8 curare-tipped darts (quivered)
 F - a throwing net
Armour
 c - a +3 kite shield of protection (worn)
 i - the +0 crystal plate armour "Wequrabb" (worn) {rF++ Int-4}
   (You acquired it on level 6 of the Dungeon)

   Int-4:     It affects your intelligence (-4).
   rF++:      It greatly protects you from fire.
 m - the +5 pair of boots "Arocsu" (worn) {rElec}
   (You found it in a volcano)

   rElec:     It insulates you from electricity.
 x - a +2 pair of gloves of dexterity (worn)
 H - the +2 pair of slick slippers {slick, slippery, EV+4}
   (You found it on level 7 of a ziggurat)

   Slick:     Its wearer cannot be constricted, engulfed, netted or webbed.
   Slippery:  Its wearer slips away from damaging melee attacks, pulling the
   attacker onward.
   EV+4:      It affects your evasion (+4).
 Q - the +1 cloak of Pojedil (worn) {Drain rPois Str+7 Int+2}
   (You found it on level 5 of the Lair of Beasts)

   Str+7:     It affects your strength (+7).
   Int+2:     It affects your intelligence (+2).
   rPois:     It protects you from poison Drain: It drains your maximum health
   when unequipped.
 R - the +1 helmet of Dawn (worn) {Will+ Int+2}
   (You found it on level 8 of the Dungeon)

   Int+2:     It affects your intelligence (+2).
   Will+:     It increases your willpower.
Jewellery
 b - the ring of the Mage {Wiz Archmagi}
   (You found it on level 3 of the Lair of Beasts)

   [ring of wizardry]

   Wiz:       It improves your spell success rate.
   Archmagi:  It increases the power of your magical spells.
 g - an amulet "Weidgh" (around neck) {Faith Regen+ Str+3}
   (You found it on level 3 of the Vaults)

   [amulet of faith]

   Faith:     It allows you to gain divine favour quickly.
   Str+3:     It affects your strength (+3).
   Regen+:    It increases your rate of health regeneration.
 l - the ring of Yfyqeog (left hand) {rPois rC+ rN+ Int-2}
   (You found it on level 4 of the Dungeon)

   [ring of positive energy]

   Int-2:     It affects your intelligence (-2).
   rC+:       It protects you from cold.
   rPois:     It protects you from poison rN+: It protects you from negative
   energy.
 y - the ring of Birdsong {rF+ rC+}
   (You found it on level 3 of the Elven Halls)

   [ring of protection from fire]

   rF+:       It protects you from fire.
   rC+:       It protects you from cold.
 T - a ring of positive energy
 X - the ring of Faosut (right hand) {rCorr Slay+4}
   (You bought it in a shop on level 4 of the Snake Pit)

   [ring of slaying]

   Slay+4:    It affects your accuracy & damage with ranged weapons and melee
   (+4).
   rCorr:     It protects you from acid and corrosion.
Wands
 s - a wand of paralysis (40)
 A - a wand of quicksilver (1)
 C - a wand of digging (18)
 I - a wand of flame (170)
 J - a wand of iceblast (40)
 S - a wand of mindburst (2)
Scrolls
 a - 7 scrolls of blinking
 d - 10 scrolls of fog
 h - 25 scrolls of teleportation
 q - 8 scrolls of revelation
 t - 4 scrolls of immolation
 u - 2 scrolls of silence
 v - 5 scrolls of poison
 O - 7 scrolls of vulnerability
 U - 6 scrolls of fear
Potions
 f - 4 potions of resistance
 n - a potion of cancellation
 p - a potion of berserk rage
 w - 6 potions of haste
 B - a potion of heal wounds
 G - 2 potions of invisibility
 K - 20 potions of curing
 L - 11 potions of lignification
 N - 6 potions of magic
 P - a potion of might
 V - 7 potions of ambrosia
 W - 13 potions of mutation
 Z - 10 potions of enlightenment
Miscellaneous
 j - a lightning rod (4/4)
 o - a phial of floods
 r - a condenser vane
 z - a phantom mirror
 Y - a box of beasts


   Skills:
 + Level 19.3 Fighting
 - Level 6.0 Throwing
 + Level 26.6 Armour
 - Level 8.0 Dodging
 - Level 15.0 Shields
 + Level 20.5 Unarmed Combat
 O Level 27 Invocations
 + Level 19.9 Evocations
 - Level 7.0 Shapeshifting


You had 26 spell levels left.
You didn't know any spells.
Your spell library contained the following spells:

 Spells                   Type           Power      Damage    Failure   Level
 Apportation              Tloc           0%         N/A       88%         1
 Foxfire                  Conj/Fire      0%         2x1d4     88%         1
 Kiss of Death            Conj/Necr      0%         2d5       88%         1
 Magic Dart               Conj           0%         1d3       88%         1
 Necrotise                Necr           0%         1d4       88%         1
 Sandblast                Erth           0%         2d4       88%         1
 Sting                    Tmut/Pois      0%         1d3       88%         1
 Summon Small Mammal      Summ           0%         N/A       88%         1
 Call Imp                 Summ           0%         N/A       96%         2
 Ensorcelled Hibernation  Hex/Ice        0%         N/A       96%         2
 Momentum Strike          Conj/Tloc      0%         3d8       96%         2
 Poisonous Vapours        Pois/Air       0%         N/A       96%         2
 Searing Ray              Conj           0%         2d4       96%         2
 Static Discharge         Conj/Air       0%         2-2/arc   96%         2
 Confusing Touch          Hex            0%         N/A       99%         3
 Dazzling Flash           Conj/Hex       0%         N/A       99%         3
 Frozen Ramparts          Ice            0%         1d1       99%         3
 Hailstorm                Conj/Ice       0%         3d3       99%         3
 Inner Flame              Hex/Fire       0%         N/A       99%         3
 Mephitic Cloud           Conj/Pois/Air  0%         N/A       99%         3
 Ozocubu's Armour         Ice            0%         N/A       99%         3
 Stone Arrow              Conj/Erth      0%         3d7       99%         3
 Swiftness                Air            0%         N/A       99%         3
 Vampiric Draining        Necr           0%         2d6       99%         3
 Volatile Blastmotes      Fire/Tloc      0%         2d10      99%         3
 Anguish                  Hex/Necr       0%         N/A       100%        4
 Dispel Undead            Necr           0%         3d6       100%        4
 Flame Wave               Conj/Fire      0%         2d4       100%        4
 Fulminant Prism          Conj/Hex       0%         3d5       100%        4
 Iskenderun's Mystic Bla  Conj/Tloc      0%         2d3       100%        4
 Leda's Liquefaction      Hex/Erth       0%         N/A       100%        4
 Olgreb's Toxic Radiance  Pois           0%         N/A       100%        4
 Passage of Golubria      Tloc           0%         N/A       100%        4
 Petrify                  Tmut/Erth      0%         N/A       100%        4
 Sticky Flame             Conj/Fire      0%         2d3       100%        4
 Summon Ice Beast         Ice/Summ       0%         N/A       100%        4
 Agony                    Necr           0%         N/A       100%        5
 Alistair's Intoxication  Tmut/Pois      0%         N/A       100%        5
 Arcjolt                  Conj/Air       0%         1d10      100%        5
 Borgnjor's Vile Clutch   Necr/Erth      0%         N/A       100%        5
 Irradiate                Conj/Tmut      0%         3d11      100%        5
 Iskenderun's Battlesphe  Conj           0%         2d6       100%        5
 Lee's Rapid Deconstruct  Erth           0%         3d4*      100%        5
 Metabolic Englaciation   Hex/Ice        0%         N/A       100%        5
 Silence                  Hex/Air        0%         N/A       100%        5
 Summon Forest            Summ/Tloc      0%         N/A       100%        5
 Summon Mana Viper        Hex/Summ       0%         N/A       100%        5
 Yara's Violent Unravell  Hex/Tmut       0%         3d3       100%        5
 Conjure Ball Lightning   Conj/Air       0%         3x3d6     100%        6
 Eringya's Noxious Bog    Tmut/Pois      0%         4d6       100%        6
 Leda's Unmaking          Conj/Erth      0%         9d1       100%        6
 Plasma Beam              Fire/Air       0%         2x1d10    100%        6
 Starburst                Conj/Fire      0%         6d3       100%        6
 Summon Cactus Giant      Summ           0%         N/A       100%        6
 Enfeeble                 Hex            0%         N/A       100%        7
 Monstrous Menagerie      Summ           0%         N/A       100%        7
 Spellforged Servitor     Conj/Summ      0%         N/A       100%        7
 Lehudib's Crystal Spear  Conj/Erth      0%         10d2      100%        8
 Chain Lightning          Conj/Air       0%         N/A       100%        9
 Death's Door             Necr           0%         N/A       100%        9
 Fire Storm               Conj/Fire      0%         5d1       100%        9
 Shatter                  Erth           0%         3d5*      100%        9
 Cigotuvi's Dreadful Rot  Necr/Pois/Air  Unusable   N/A       N/A         2
 Animate Dead             Necr           Unusable   N/A       N/A         4
 Death Channel            Necr           Unusable   N/A       N/A         6
 Simulacrum               Ice/Necr       Unusable   N/A       N/A         6

Dungeon Overview and Level Annotations

Branches:
Dungeon (15/15)            Temple (1/1) D:4            Lair (5/5) D:10
 Shoals (4/4) Lair:2        Snake (4/4) Lair:2        Slime (0/5) Lair:5
    Orc (2/2) D:10            Elf (3/3) Orc:2        Vaults (5/5) D:13
  Crypt (0/3) Vaults:3     Depths (4/4) D:15            Zot (5/5) Depths:4
  Sewer (visited)          Bailey (visited)           IceCv (visited)
Volcano (visited)

Altars:
Ashenzari
Cheibriados
Dithmenos
Elyvilon
Fedhas
Gozag
Hepliaklqana
Kikubaaqudgha
Makhleb
Nemelex Xobeh
Okawaru
Qazlal
Ru
Sif Muna
Trog
Uskayaw
Vehumet
Wu Jian
Xom
Yredelemnul
Zin
The Shining One
Jiyva
Lugonu

Shops:
D:2 *   D:5 [   D:7 (   D:11 (   Orc:1 !(=!(   Orc:2 (*[:   Snake:4 =!!!
Vaults:2 ([=!   Vaults:4 **((   Depths:1 =::   Depths:2 :(?   Depths:4 [

Portals:
Hell: Depths:1 Depths:2 Depths:3 Depths:4
Abyss: Lair:5 Snake:3 Depths:2 Depths:3 Depths:4
Pandemonium: Depths:1 Depths:2 Depths:3

Annotations:
Elf:2 3 runed translucent doors


Innate Abilities, Weirdness & Mutations

You are immune to sickness and miasma.
Your stone body is resilient. (AC +20)
You are immune to poison.
Your large and strong wings let you fly.
You resist negative energy. (rN+)
You are resistant to electric shocks. (rElec)
You are resistant to unholy torment.
You are immune to petrification.
You are clumsy. (Dex -2)
Your body sometimes deteriorates upon taking damage.
You are dopey. (Int -2)
Your spells are a little easier to cast, but a little less powerful.


Message History

You squash the shadow demon like an ant!!!
You kill the shadow demon!
The bat dissolves into shadows!
A black mist starts to gather...
Things that are here:
a +0 demon whip; a +0 leather armour; a +0 kite shield What level of the Dungeon? (default 1, ? - help)
You are no longer corroded.
An Orb Guardian comes into view.
The Orb Guardian hits you but does no damage.
You punch the Orb Guardian!
The Orb Guardian is lightly wounded.
You punch the Orb Guardian!
The Orb Guardian is moderately wounded.
You block the Orb Guardian's attack.
Your spectral shadow demon closely misses the Orb Guardian.
You pummel the Orb Guardian!!
The Orb Guardian is severely wounded.
The Orb Guardian hits you!!
You pummel the Orb Guardian!!
You kill the Orb Guardian!
What level of the Dungeon? (default 1, ? - help)
Okay, then.
What level of the Dungeon? (default 1, ? - help)
You feel a little less mighty now.
HP restored.
There is a stone staircase leading up here.
You fly upwards.
Your mindless puppet stays behind to rot.
There is a stone staircase leading down here.
A green death comes into view.
There is an open door here.
The green death gestures at you.
The poison arrow hits you but does no damage.
Blink to where?
Press: ? - help, Dir - move target
As you read the scroll of blinking, it crumbles to dust.
The green death gestures at you.
The blast of poison engulfs you but does no damage.
You resist.
You have escaped!

### #..#...##
#.......#...### ..#
#..###.##########.#.....#
..#
#.................#.....#
..#
#......############.##..#
..################
#.##..####
..##⌠.....⌠.≈≈≈≈⌠#
#.##.....#
..##.........≈○≈≈#
###.##..##.##
####.........2°○○#
#...##.....>.
#>..##...##§°@#
#.#.##.####.#
#...##...##☼☼☼# #.####.#
#.# ####.......§.....#
#.#....# #.#
...#######'#######
#.#.#..# #.# ##.### #..#
#.#....# #.# #...# ##.##
#......# #.# ###.#
#[.##########.#.## #.#
#.# ##............#.# #.#
#.# ###.....##.###.# #.#


You could see a green death.

Vanquished Creatures
  2 pandemonium lords
  2 ancient liches
  6 orbs of fire (Zot:5)
  A juggernaut (Depths:4)
  Boris (Depths:4)
  Saint Roka (Orc:2)
  Vv (Depths:4)
  The ghost of Gaexku the Warrior, a veteran DrSh of Okawaru (Depths:3)
  2 curse toes (Zot:3)
  The ghost of qborf the Skinwalker, a veteran TrSh (Depths:2)
  4 golden dragons
  A bone dragon (Zot:2)
  A Brimstone Fiend (Vaults:4)
  An electric golem (Zot:5)
  An iron giant (Zig:4)
  A Hell Sentinel (D:15)
  A walking earthen tome (Depths:4)
  10 tentacled monstrosities
  19 Orb Guardians
  2 liches
  4 quicksilver dragons
  2 titans (Vaults:5)
  A deep elf blademaster (Elf:3)
  A tentacled starspawn (Snake:3)
  An Executioner (Zot:5)
  2 acid blobs (Zig:8)
  An ancient champion (Zig:4)
  7 shadow dragons
  6 sphinxes
  7 death cobs
  5 tengu reavers
  11 storm dragons
  A daeva (Depths:4)
  2 draconian monks
  2 azure jellies
  5 frost giants
  2 draconian knights
  5 nagarajas
  2 fire giants
  2 draconian scorchers
  2 deep elf sorcerers
  A balrug (Zot:4)
  An iron dragon (Depths:2)
  A spectral juggernaut (Depths:3)
  An angel (Depths:4)
  10 ironbound preservers
  11 vault wardens
  A spectral caustic shrike (Depths:3)
  2 orc warlords
  3 deep elf elementalists
  A spriggan defender (Depths:2)
  2 ghost moths
  4 war gargoyles
  3 draconian annihilators
  A quicksilver ooze (Zig:8)
  A cacodemon (D:10)
  16 very ugly things
  2 formless jellyfish
  10 stone giants
  A reaper (D:14)
  4 green draconians
  2 demonspawn corrupters
  7 ironbound thunderhulks
  A juggernaut skeleton (Depths:2)
  A deep elf demonologist (Vaults:5)
  3 white draconians
  5 yellow draconians
  The ghost of Xisch the Spear-Bearer, a journeyman GnRe of Gozag (D:13)
  14 black draconians
  10 purple draconians
  7 red draconians
  4 deep elf annihilators (Elf:3)
  3 dire elephants
  2 spark wasps (Depths:2)
  Azrael (Orc:2)
  The ghost of Dyetwah the Spry, a journeyman FeSu of Gozag (Snake:3)
  7 ettins
  A blizzard demon (D:7)
  6 deep elf death magi
  2 mummy priests (Depths:3)
  4 merfolk impalers
  Snorg (D:13)
  3 entropy weavers
  14 yaktaur captains
  4 deep elf high priests
  6 great orbs of eyes
  10 fire dragons
  A salamander tyrant (Snake:4)
  A spectral shadow dragon (Depths:3)
  2 spectral golden dragons (Depths:3)
  5 ice dragons
  5 hydras
  Fannar (D:12)
  A spectral spriggan (Depths:3)
  3 rakshasas
  A peacekeeper (Vaults:2)
  25 vault guards
  A caustic shrike simulacrum (Depths:2)
  The ghost of Ostrewetu the Nimble, a journeyman SpBr of Dithmenos (D:15)
  4 anacondas
  4 ghost crabs
  10 ironbound frosthearts
  An ogre mage (Vaults:5)
  3 boulder beetles
  26 dancing weapons
  4 merfolk aquamancers (Shoals:1)
  An alligator (Zig:7)
  8 centaur warriors
  2 spriggan air magi
  4 two-headed ogres
  6 satyrs
  5 deep troll earth magi
  5 deep troll shamans
  10 naga warriors
  5 tengu warriors
  3 thrashing horrors
  2 spriggan berserkers (Depths:2)
  9 deep elf knights
  20 hell knights
  A spectral storm dragon (Depths:3)
  2 orc high priests
  7 shock serpents
  2 soul eaters (Depths:1)
  4 sun demons
  Nergalle (D:12)
  5 skysharks
  A skeletal warrior (D:15)
  A wretched star (Zig:6)
  4 iron trolls
  11 naga sharpshooters
  4 fire crabs (Lair:3)
  2 shadow wraiths
  A titan skeleton (Vaults:4)
  6 large abominations
  11 sea snakes
  A spriggan druid (Zig:7)
  5 glowing orange brains
  A spriggan rider (Depths:2)
  7 deep elf archers
  2 salamander mystics (Snake:4)
  2 shadow demons
  35 deep trolls
  15 harpies
  A spectral iron dragon (Depths:3)
  8 orc knights
  2 naga ritualists
  An obsidian statue (Vaults:4)
  An orange crystal statue (IceCv)
  5 lindwurms
  10 wizards
  4 phantasmal warriors (Vaults:5)
  A lindwurm (shapeshifter) (Vaults:5)
  Pikel (D:5)
  5 necromancers
  20 deep elf pyromancers
  21 deep elf zephyrmancers
  6 orc sorcerers
  9 manticores
  5 mana vipers
  43 ugly things
  10 fauns
  13 ironbound convokers
  A shining eye (Zig:8)
  5 salamanders
  4 cyclopes
  10 moths of wrath
  A worldbinder (Snake:3)
  Joseph (D:7)
  A toenail golem (Volcano)
  4 elephants
  5 water nymphs
  4 apocalypse crabs
  15 slime creatures
  6 vault sentinels
  Maurice (D:10)
  4 guardian serpents
  A rust devil (Depths:3)
  An eye of devastation (Zig:8)
  10 naga magi
  2 merfolk sirens
  3 molten gargoyles (Volcano)
  19 black mambas
  2 gargoyles
  8 cane toads
  4 smoke demons
  3 tormentors
  4 orange demons
  3 komodo dragons
  5 kobold demonologists
  A human zombie (Vaults:4)
  15 rime drakes
  A hellion (D:10)
  3 tengu conjurers
  3 guardian mummies (Depths:3)
  3 ice devils
  8 yaktaurs
  4 freezing wraiths
  3 efreet
  2 hellwings
  6 merfolk
  11 polar bears
  A red devil (Depths:2)
  6 trolls
  3 wind drakes
  A hornet (shapeshifter) (D:13)
  4 hornets
  Prince Ribbit (Bailey)
  A polar bear (shapeshifter) (Lair:5)
  4 raiju
  A raiju (shapeshifter) (D:13)
  4 snapping turtles
  A spriggan zombie (Depths:2)
  13 blink frogs
  5 dream sheep
  A flying skull (Vaults:3)
  3 shadows
  5 water elementals
  Sigmund (D:2)
  A centaur simulacrum (D:15)
  2 air elementals
  3 wyverns
  2 ettin skeletons
  A vampire (D:12)
  3 ynoxinuls
  2 humans (shapeshifter) (Lair:5)
  A wraith (D:12)
  9 fire elementals
  34 yaks
  Eustachio (D:5)
  4 basilisks
  An elf simulacrum (Vaults:3)
  A chaos spawn (Lair:5)
  2 humans (Bailey)
  4 redbacks
  A glowing shapeshifter zombie (Vaults:4)
  22 nagas
  Menkaure (D:7)
  3 wargs
  3 acid dragons
  13 water moccasins
  4 hell hounds
  2 black bears
  34 orc warriors
  6 small abominations (Lair:5)
  15 wolves
  2 boggarts (D:14)
  5 ogres
  9 centaurs
  A rime drake zombie (IceCv)
  4 kobold brigands
  A gnoll sergeant (D:4)
  22 bullfrogs
  5 earth elementals
  2 scorpions
  9 wights (D:9)
  5 howler monkeys
  3 hounds
  14 orc priests
  A gnoll bouda (D:5)
  Crazy Yiuf (D:3)
  Jessica (D:3)
  9 hell rats
  An iguana (D:4)
  A sleepcap (D:7)
  2 lightning spires (Vaults:1)
  19 orc wizards
  16 adders
  15 gnolls
  7 river rats
  A shadow imp (D:7)
  2 white imps
  A worm (D:2)
  2 dart slugs
  89 orcs
  9 ball pythons
  2 bats
  7 endoplasms
  6 giant cockroaches
  6 goblins
  6 hobgoblins
  3 jackals (D:4)
  14 kobolds
  4 quokkas
  3 training dummies (Snake:3)
  6 frilled lizards
  10 rats
1545 creatures vanquished.

Vanquished Creatures (collateral kills)
  An ancient lich (Zot:5)
  A royal mummy (Depths:3)
  The ghost of WhatIsLove the Conqueror, a veteran HOMo of Beogh (Vaults:4)
  Boris (Vaults:5)
  4 Killer Klowns
  Frederick (Vaults:3)
  Margery (Vaults:4)
  Bai Suzhen (Vaults:2)
  2 curse toes
  7 golden dragons
  Nikola (Depths:2)
  Rupert (Orc:2)
  Mlioglotl (Shoals:3)
  7 Orb Guardians (Zot:5)
  9 tentacled monstrosities
  A lich (Vaults:5)
  A titan (Vaults:5)
  2 hellephants
  6 quicksilver dragons
  The ghost of Aram the Tortoise, an adept AtMo of Okawaru (Vaults:2)
  4 sphinxes
  A deep elf master archer (Elf:3)
  An acid blob (Zig:8)
  4 death cobs
  3 tengu reavers
  An ancient champion (Vaults:3)
  3 storm dragons
  7 shadow dragons
  Kirke (Lair:4)
  5 draconian monks
  2 azure jellies (Lair:5)
  2 fire giants
  2 draconian knights (Zot:2)
  4 nagarajas (Snake:4)
  An orc warlord (Orc:2)
  2 draconian scorchers
  7 vault wardens
  3 deep elf sorcerers
  4 frost giants
  A deep elf elementalist (Elf:3)
  A ghost moth (Zot:5)
  6 draconian shifters
  A ghoul (Vaults:3)
  A spectral juggernaut (Depths:3)
  2 draconian stormcallers
  10 ironbound preservers
  A war gargoyle (Vaults:5)
  2 formless jellyfish
  5 ironbound thunderhulks
  11 very ugly things
  4 deep elf demonologists
  5 green draconians
  7 yellow draconians
  14 black draconians
  2 eleionomae (Zig:7)
  4 white draconians
  6 purple draconians
  4 red draconians
  3 ettins (Vaults:5)
  5 deep elf annihilators
  An entropy weaver (Vaults:3)
  2 fire dragons
  2 crystal guardians (Vaults:2)
  A spectral golden dragon (Depths:3)
  3 deep elf death magi (Elf:3)
  3 deep elf high priests
  A mummy priest (Depths:3)
  2 spectral shadow dragons (Depths:3)
  5 yaktaur captains
  2 rakshasas
  4 hydras
  An ice dragon (Depths:4)
  A spriggan air mage (Depths:3)
  22 vault guards
  A spectral tengu (Depths:3)
  An ogre mage (D:15)
  3 peacekeepers
  5 ironbound frosthearts
  A merfolk avatar (Shoals:1)
  3 anacondas
  4 boulder beetles
  A death knight (D:15)
  7 centaur warriors
  A dancing weapon (Elf:3)
  2 two-headed ogres
  A satyr (shapeshifter) (D:15)
  9 satyrs
  2 spectral fire giants (Depths:3)
  4 deep troll earth magi
  2 naga warriors (Snake:4)
  5 naga sharpshooters
  An orc high priest (Elf:1)
  A tengu warrior (Depths:1)
  A spriggan berserker (Depths:2)
  8 hell knights
  3 deep elf knights
  3 shock serpents
  A thrashing horror (Lair:5)
  2 fire crabs (Lair:3)
  A spatial maelstrom (Zig:6)
  2 salamander mystics (Snake:3)
  2 skysharks
  A spectral spark wasp (Depths:3)
  A swamp dragon (shapeshifter) (Vaults:5)
  5 iron trolls
  7 sea snakes
  A flayed ghost (Depths:2)
  29 deep trolls
  An obsidian statue (Depths:3)
  A swamp dragon (Zig:7)
  A deep elf archer (Elf:2)
  10 harpies
  2 naga ritualists (Snake:4)
  7 wizards
  8 ironbound convokers
  15 ugly things
  4 phantasmal warriors
  6 deep elf pyromancers
  7 deep elf zephyrmancers
  5 mana vipers
  2 necromancers
  A frost giant zombie (Vaults:4)
  An orc knight (Orc:2)
  A cyclops (shapeshifter) (Depths:1)
  4 cyclopes
  11 manticores
  8 fauns
  A stone giant zombie (Vaults:4)
  3 elephants
  4 merfolk sirens
  10 moths of wrath
  6 salamanders
  A rust devil (Depths:2)
  An apocalypse crab (Lair:3)
  2 guardian serpents
  10 vault sentinels
  An eye of devastation (Zig:8)
  5 cane toads
  14 black mambas
  13 naga magi
  2 water nymphs (Shoals:3)
  A hellion (Depths:3)
  2 orange demons
  5 rime drakes
  2 freezing wraiths
  2 tengu conjurers
  11 yaktaurs
  5 komodo dragons
  A troll (D:14)
  6 guardian mummies (Depths:3)
  A troll (shapeshifter) (Vaults:5)
  6 merfolk
  9 blink frogs
  A raiju (Lair:5)
  4 snapping turtles
  6 dream sheep
  A stone giant simulacrum (Vaults:3)
  A snapping turtle (shapeshifter) (Vaults:5)
  3 water elementals
  An air elemental (Vaults:1)
  A shadow (D:10)
  6 slime creatures (Vaults:1)
  A spriggan (Lair:5)
  25 yaks
  2 wraiths
  A ynoxinul (Lair:5)
  2 fire elementals
  4 hogs (Lair:4)
  A human (D:13)
  A hog (shapeshifter) (D:13)
  A redback (D:15)
  A basilisk (D:15)
  A steam dragon (D:9)
  A neqoxec (Depths:1)
  18 nagas
  5 water moccasins
  A floating eye (Depths:2)
  A sky beast (Vaults:1)
  3 black bears
  5 orc warriors
  3 boggarts (D:14)
  4 ogres
  12 wolves
  9 centaurs
  2 kobold brigands
  4 bullfrogs
  An earth elemental (Elf:1)
  A wight (D:9)
  3 small abominations (Lair:5)
  An electric eel (D:9)
  A howler monkey (D:7)
  A hound (D:6)
  5 orc priests
  2 hell rats (Lair:3)
  6 orc wizards
  2 lightning spires (Vaults:1)
  A worm (D:4)
  A dart slug (D:2)
  26 orcs
  2 kobolds (D:2)
  A frilled lizard (Sewer)
  2 goblins (Bailey)
  A rat (Sewer)
781 creatures vanquished.

Vanquished Creatures (others)
  A draconian monk (Zot:3)
  A storm dragon (Zot:3)
  A vault warden (Vaults:5)
  A draconian scorcher (Zot:3)
  A ghost moth (Zot:1)
  2 spectral tentacled monstrosities
  A juggernaut zombie (Depths:4)
  A spectral tengu (Zot:3)
  2 Killer Klown zombies
  A draconian annihilator (Zot:1)
  A black draconian (Zot:3)
  A spectral Orb Guardian (Zot:5)
  A purple draconian (Zot:3)
  3 very ugly thing zombies
  An entropy weaver (Lair:3)
  3 quicksilver dragon zombies
  A spriggan zombie (Depths:2)
  3 sphinx zombies
  4 Orb Guardian zombies (Zot:5)
  A spectral green death (Zot:5)
  2 storm dragon zombies
  An anaconda zombie (Snake:1)
  2 golden dragon zombies
  2 spark wasp zombies (Depths:2)
  2 ghost moth zombies
  A shadow dragon zombie (Zot:2)
  A spriggan simulacrum (Depths:2)
  An ironbound convoker (Vaults:3)
  A wizard (Vaults:4)
  3 deep elf zephyrmancers
  4 draconian zombies
  8 ugly thing zombies
  A shock serpent zombie (Snake:4)
  A spectral rakshasa (Depths:2)
  2 purple draconian zombies
  10 black draconian zombies
  A green draconian zombie (Zot:3)
  A spectral sun demon (Depths:1)
  A white draconian zombie (Zot:3)
  11 yaktaur zombies
  A spectral manticore (Lair:3)
  3 mana viper zombies
  An iron troll zombie (Depths:3)
  3 sea snake zombies
  A hydra zombie (Lair:5)
  9 harpy zombies
  4 moth of wrath zombies
  3 guardian serpent zombies
  An ettin zombie (Vaults:5)
  A satyr zombie (Shoals:4)
  4 fire dragon zombies
  An ice dragon zombie (Depths:4)
  A spectral cane toad (Lair:5)
  10 black mamba zombies
  3 slime creature zombies
  A spectral orange demon (Depths:3)
  A spectral rust devil (Depths:2)
  A spectral tormentor (Depths:2)
  14 deep troll zombies
  A merfolk zombie (Shoals:4)
  A naga (Snake:2)
  3 spectral humans
  4 faun zombies
  3 salamander zombies (Snake:4)
  2 entropy weaver zombies
  A cane toad zombie (Lair:5)
  A spectral ynoxinul (Lair:5)
  A spectral smoke demon (Depths:2)
  2 spectral efreet (Volcano)
  2 orc warriors (Elf:1)
  2 manticore zombies
  3 dream sheep zombies (Shoals:3)
  17 elf zombies
  3 blink frog zombies
  2 rime drake zombies
  5 fire crab zombies (Lair:3)
  A komodo dragon zombie (Zig:5)
  A water moccasin zombie (Lair:5)
  3 hell hound zombies (Orc:2)
  A warg zombie (Orc:2)
  A polar bear zombie (IceCv)
  10 naga zombies
  2 tengu zombies
  5 yak zombies
  2 wolf zombies (Lair:5)
  3 bullfrog zombies
  7 centaur zombies
  A basilisk zombie (D:15)
  2 orc wizards
  A boggart zombie (D:14)
  4 ogre zombies
  37 human zombies
  2 hound zombies
  An orc (Orc:2)
  2 gnoll zombies
  A ball python zombie (D:4)
  An endoplasm zombie (D:4)
  A giant cockroach zombie (D:4)
  2 jackal zombies (D:4)
  5 kobold zombies
  71 orc zombies
  A rat zombie (D:4)
  A ball lightning (Vaults:1)
  3 starspawn tentacles (Snake:3)
375 creatures vanquished.

Grand Total: 2701 creatures vanquished

Notes
Turn   | Place    | Note
-------+----------+-------------------------------------------
     0 | D:1      | jt the Gargoyle Shapeshifter began the quest for the Orb.
     0 | D:1      | Reached XP level 1. HP: 12/12 MP: 1/1
   195 | D:1      | Reached XP level 2. HP: 17/17 MP: 2/2
   644 | D:1      | You fall into a shaft and drop 1 floor!
   649 | D:2      | Found Reinan's Assorted Antiques.
   693 | D:2      | Bought a scroll labelled CULLUU KADD for 19 gold pieces
   693 | D:2      | Bought a viscous brown potion for 17 gold pieces
   693 | D:2      | Bought a viscous brown potion for 17 gold pieces
   714 | D:2      | Noticed Sigmund
   897 | D:3      | Reached XP level 3. HP: 11/22 MP: 3/3
  1094 | D:3      | Noticed Jessica
  1098 | D:3      | Killed Jessica
  1099 | D:3      | Reached XP level 4. HP: 24/27 MP: 4/4
  1118 | D:3      | Reached skill level 1 in Armour
  1334 | D:4      | Found a snail-covered altar of Cheibriados.
  1390 | D:4      | Identified the ring of Yfyqeog {rPois rC+ rN+ Int-2}
  1464 | D:4      | Reached XP level 5. HP: 13/32 MP: 5/5
  1566 | D:4      | Found a staircase to the Ecumenical Temple.
  1575 | Temple   | Entered the Ecumenical Temple
  1586 | Temple   | Became a worshipper of Yredelemnul the Dark
  1634 | D:4      | Reached skill level 1 in Invocations
  1655 | D:4      | Reached * piety under Yredelemnul
  1669 | D:4      | Found a glowing drain.
  1678 | Sewer    | Entered a sewer
  1760 | Sewer    | Reached XP level 6. HP: 26/38 MP: 5/7
  1838 | Sewer    | Reached ** piety under Yredelemnul
  2082 | Sewer    | Reached *** piety under Yredelemnul
  2147 | D:4      | Reached skill level 2 in Invocations
  2458 | D:4      | HP: 1/38 [gnoll/+0 spear[a gnoll sergeant] (6)]
  2632 | D:3      | Found a runed translucent door.
  2633 | D:3      | Noticed Crazy Yiuf
  2867 | D:2      | Reached skill level 5 in Unarmed Combat
  2867 | D:2      | Reached XP level 7. HP: 44/44 MP: 8/8
  3029 | D:2      | Killed Sigmund
  3030 | D:2      | Reached skill level 3 in Invocations
  3437 | D:3      | Found an ancient bone altar of Kikubaaqudgha.
  3440 | D:3      | Found a glowing golden altar of the Shining One.
  3444 | D:3      | Found a shadowy altar of Dithmenos.
  4028 | D:3      | Found a white marble altar of Elyvilon.
  4166 | D:3      | Killed Crazy Yiuf
  4397 | D:4      | Reached skill level 5 in Fighting
  4707 | D:5      | Entered Level 5 of the Dungeon
  4708 | D:5      | Identified a scroll of acquirement
  4839 | D:5      | Reached XP level 8. HP: 45/49 MP: 10/10
  4875 | D:5      | Found Empan's Antique Armour Emporium.
  4973 | D:5      | Noticed Eustachio
  5195 | D:5      | Killed Eustachio
  5196 | D:5      | Reached skill level 4 in Invocations
  5580 | D:5      | Noticed Pikel
  5594 | D:5      | Killed Pikel
  5595 | D:5      | Reached skill level 5 in Armour
  5667 | D:5      | Found a hide-covered altar of Uskayaw.
  5954 | D:5      | Found a burning altar of Makhleb.
  6252 | D:6      | Acquired the +0 crystal plate armour "Wequrabb" {rF++
                  | Int-4}
  6302 | D:6      | Reached XP level 9. HP: 55/55 MP: 12/12
  6476 | D:6      | Found a sparkling altar of Nemelex Xobeh.
  6650 | D:7      | Noticed Menkaure
  6652 | D:7      | Found Ynalucly's Antique Weapon Shop.
  6662 | D:7      | Killed Menkaure
  6663 | D:7      | Reached skill level 5 in Invocations
  7104 | D:7      | Identified the +2 pair of gloves "Cium" {rElec rPois Int-4
                  | Dex+3}
  7168 | D:7      | Noticed Joseph
  7182 | D:7      | Killed Joseph
  7190 | D:7      | Reached skill level 6 in Invocations
  8047 | D:8      | Found a shimmering blue altar of Sif Muna.
  8306 | D:8      | Identified the +1 helmet of Dawn {Will+ Int+2}
  8556 | D:8      | Noticed a two-headed ogre
  8568 | D:8      | Killed a two-headed ogre
  8569 | D:8      | Reached XP level 10. HP: 41/63 MP: 13/15
  9039 | D:9      | Found a flagged portal.
  9140 | Bailey   | Entered a bailey
  9234 | Bailey   | Reached skill level 7 in Invocations
  9359 | Bailey   | Noticed a vault guard
  9387 | Bailey   | Killed a vault guard
  9399 | Bailey   | Noticed Prince Ribbit
  9409 | Bailey   | Killed Prince Ribbit
  9416 | Bailey   | Noticed a vault guard
  9437 | Bailey   | Killed a vault guard
  9438 | Bailey   | Reached skill level 5 in Shapeshifting
  9438 | Bailey   | Reached XP level 11. HP: 43/69 MP: 16/16
  9697 | D:9      | Identified the +6 hand axe "Yzxael" {freeze, *Rage *Slow
                  | Fly rF++ rCorr}
  9823 | D:9      | Reached skill level 8 in Invocations
 10044 | D:9      | Found a stormy altar of Qazlal.
 10212 | D:10     | Entered Level 10 of the Dungeon
 10319 | D:10     | Found a staircase to the Lair.
 10678 | D:10     | Noticed a soul eater
 10684 | D:10     | Reached **** piety under Yredelemnul
 10689 | D:10     | Reached ***** piety under Yredelemnul
 10697 | D:10     | Noticed a soul eater
 10777 | D:10     | Found a staircase to the Orcish Mines.
 11000 | D:10     | Noticed Maurice
 11026 | D:10     | Killed Maurice
 11239 | D:10     | Noticed a two-headed ogre
 11243 | D:10     | Your ally Maurice died
 11249 | D:10     | Killed a two-headed ogre
 11647 | Lair:1   | Entered Level 1 of the Lair of Beasts
 11841 | Lair:1   | Reached skill level 9 in Invocations
 12061 | Lair:1   | Reached XP level 12. HP: 77/77 MP: 18/18
 12423 | Lair:1   | Reached skill level 10 in Fighting
 13111 | Lair:2   | Found a staircase to the Snake Pit.
 13267 | Lair:2   | Reached skill level 10 in Unarmed Combat
 13271 | Lair:2   | Reached skill level 10 in Armour
 13280 | Lair:2   | Reached ****** piety under Yredelemnul
 13292 | Lair:2   | Reached skill level 10 in Invocations
 13650 | Lair:2   | Found a staircase to the Shoals.
 13909 | Lair:3   | Reached XP level 13. HP: 59/84 MP: 20/20
 14002 | Lair:3   | Found a dark tunnel.
 14026 | Volcano  | Entered a volcano
 14509 | Volcano  | Identified the +5 pair of boots "Arocsu" {rElec}
 14918 | Lair:3   | Found a runed translucent door.
 14946 | Lair:3   | Reached skill level 11 in Invocations
 15393 | Lair:3   | Noticed an entropy weaver
 15408 | Lair:3   | Killed an entropy weaver
 15560 | Lair:3   | Noticed an entropy weaver
 15575 | Lair:3   | Killed an entropy weaver
 15673 | Lair:3   | Noticed an entropy weaver
 15689 | Lair:3   | Killed an entropy weaver
 15881 | Lair:3   | Reached skill level 1 in Evocations
 16051 | Lair:3   | Found the ring of the Mage {Wiz Archmagi}
 16060 | Lair:3   | Paralysed by you for 5 turns
 16723 | Lair:4   | Noticed Kirke
 16728 | Lair:4   | Gained mutation: Your large and strong wings let you fly.
                  | [Gargoyle growth]
 16728 | Lair:4   | Reached XP level 14. HP: 89/92 MP: 18/22
 16736 | Lair:4   | Reached skill level 5 in Evocations
 16741 | Lair:4   | Killed Kirke
 16901 | Lair:4   | Identified the +7 plate armour of Omission {*Slow Will++
                  | MP+9 Str+2}
 17296 | Lair:5   | Entered Level 5 of the Lair of Beasts
 17478 | Lair:5   | Reached skill level 12 in Invocations
 17656 | Lair:5   | Identified the +1 cloak of Pojedil {Drain rPois Str+7
                  | Int+2}
 18121 | Lair:5   | Found a runed translucent door.
 18121 | Lair:5   | Found a viscous altar of Jiyva.
 18121 | Lair:5   | Found a staircase to the Slime Pits.
 18121 | Lair:5   | Noticed an azure jelly
 18121 | Lair:5   | Noticed an azure jelly
 18121 | Lair:5   | Noticed an azure jelly
 18725 | Lair:5   | Identified the +1 robe of the Harp {Int+3 Slay+2}
 18901 | Lair:5   | Reached skill level 13 in Invocations
 19019 | Lair:5   | Found a corrupted altar of Lugonu.
 19020 | Lair:5   | Found a one-way gate to the infinite horrors of the Abyss.
 19318 | Lair:5   | Killed an azure jelly
 19321 | Lair:5   | Killed an azure jelly
 19325 | Lair:5   | Killed an azure jelly
 19514 | Orc:1    | Entered Level 1 of the Orcish Mines
 19515 | Orc:1    | Found Suamn's Jewellery Shoppe.
 19542 | Orc:1    | Found Jaihoppu's Distillery.
 19544 | Orc:1    | Noticed an orc warlord
 19559 | Orc:1    | Killed an orc warlord
 19564 | Orc:1    | Reached XP level 15. HP: 82/96 MP: 24/24
 19790 | Orc:1    | Bought a potion of ambrosia for 80 gold pieces
 20090 | Orc:1    | Found Neraleat's Weapon Boutique.
 20158 | Orc:1    | Found Forrics's Distillery.
 20164 | Orc:1    | Bought a potion of curing for 42 gold pieces
 20164 | Orc:1    | Bought a potion of heal wounds for 70 gold pieces
 20210 | Orc:2    | Entered Level 2 of the Orcish Mines
 20217 | Orc:2    | Noticed Rupert
 20320 | Orc:2    | Noticed Azrael
 20361 | Orc:2    | Killed Azrael
 20850 | Orc:2    | Noticed Saint Roka
 20960 | Orc:1    | Found Aragy's Weapon Boutique.
 21315 | Orc:2    | Found a staircase to the Elven Halls.
 21392 | Orc:2    | Killed Rupert
 21399 | Orc:2    | Reached skill level 14 in Invocations
 21638 | D:11     | Identified the +5 war axe of Etzoes {heavy, rC++ Will-}
 21808 | D:11     | Found Atovu's Weapon Shoppe.
 22322 | D:12     | Noticed Fannar
 22332 | D:12     | Killed Fannar
 22778 | D:12     | Noticed Nergalle
 22791 | D:12     | Killed Nergalle
 23197 | D:13     | Noticed Snorg
 23209 | D:13     | Killed Snorg
 23413 | D:13     | Found a runed translucent gate.
 23414 | D:13     | Found a runed translucent gate.
 23414 | D:13     | Found a runed translucent gate.
 23417 | D:13     | Noticed Xisch's ghost (journeyman GnRe)
 23505 | D:13     | Reached skill level 1 in Shields
 23616 | D:13     | Killed Xisch's ghost
 23695 | D:13     | Found a gate to the Vaults.
 24119 | D:14     | Reached skill level 5 in Shields
 24337 | D:14     | Reached XP level 16. HP: 90/101 MP: 27/27
 24951 | D:15     | Entered Level 15 of the Dungeon
 24957 | D:15     | Reached skill level 15 in Invocations
 25141 | D:15     | Found a bloodstained altar of Trog.
 25145 | D:15     | Noticed Ostrewetu's ghost (journeyman SpBr)
 25145 | D:15     | Noticed a tengu reaver
 25155 | D:15     | Found a runed translucent gate.
 25155 | D:15     | Found a runed translucent gate.
 25633 | D:15     | Found a runed translucent gate.
 26019 | D:15     | Found a staircase to the Depths.
 26341 | Snake:1  | Entered Level 1 of the Snake Pit
 26466 | Lair:2   | Reached skill level 15 in Unarmed Combat
 26826 | Snake:1  | Identified the +0 ring mail of the Nexus {Str+7 Int+2}
 27744 | Snake:2  | Reached skill level 16 in Invocations
 28348 | Snake:2  | Found a bloodstained altar of Trog.
 28395 | Snake:2  | Reached XP level 17. HP: 110/110 MP: 29/29
 28988 | Snake:3  | Found a transporter.
 28999 | Snake:3  | Found Xeamp's Firing Range.
 29449 | Snake:3  | Found a transporter.
 29458 | Snake:3  | Noticed Louise
 29473 | Snake:3  | Killed Louise
 29473 | Snake:3  | Charmed Louise
 29534 | Snake:3  | Noticed Dyetwah's ghost (journeyman FeSu)
 29535 | Snake:3  | Noticed a hellephant
 29546 | Snake:3  | Noticed a tentacled starspawn
 29736 | Snake:4  | Entered Level 4 of the Snake Pit
 29762 | Snake:4  | Found Iprueged's Distillery.
 29762 | Snake:4  | Found Imunk's Distillery.
 29763 | Snake:4  | Found Ytiarot's Jewellery Boutique.
 29765 | Snake:4  | Found Meneatujemp's Distillery.
 29770 | Snake:4  | Bought a potion of heal wounds for 95 gold pieces
 29776 | Snake:4  | Bought a potion of haste for 130 gold pieces
 30814 | Snake:4  | Reached skill level 17 in Invocations
 30931 | Snake:4  | Reached XP level 18. HP: 97/118 MP: 30/30
 30943 | Snake:4  | Got a serpentine rune of Zot
 31339 | Snake:4  | Bought the ring of Faosut {rCorr Slay+4} for 1540 gold
                  | pieces
 31526 | Orc:1    | Bought an amulet of reflection for 390 gold pieces
 31644 | Vaults:1 | Entered Level 1 of the Vaults
 31704 | D:13     | Reached skill level 15 in Fighting
 31715 | D:13     | Reached skill level 15 in Armour
 31715 | D:13     | Reached skill level 10 in Shields
 32633 | Vaults:1 | Paralysed by an air elemental for 1 turns
 32637 | Vaults:1 | Paralysed by an air elemental for 1 turns
 32673 | Vaults:1 | Got the Opusculum on the Lungs
 33485 | Vaults:1 | Got the Discourse on the Fifth Circle
 33816 | Vaults:2 | Found Gaossic's Antique Armour Shop.
 34196 | Vaults:2 | Found a runed translucent door.
 34196 | Vaults:2 | Found a shimmering altar of Xom.
 34196 | Vaults:2 | Identified the +7 scimitar of Migocu Ceoph {chaos, MP+9
                  | Stlth+}
 34196 | Vaults:2 | Noticed Aram's ghost (adept AtMo)
 34225 | Vaults:2 | Killed Aram's ghost
 34236 | Vaults:2 | Identified the +7 war axe of Crusades {pain, rC- Dex+9}
 34404 | Vaults:2 | Reached XP level 19. HP: 109/125 MP: 28/31
 34421 | Vaults:2 | Paralysed by a sphinx for 2 turns
 34437 | Vaults:2 | Identified the +0 sling "Dragonbane" {heavy, rF+ rN+++
                  | Dex-4 SInv}
 34597 | Vaults:2 | Reached skill level 18 in Invocations
 34688 | Vaults:2 | Found Qihunick's Weapon Shoppe.
 34838 | Vaults:2 | Found Kazxop's Jewellery Shop.
 34838 | Vaults:2 | Noticed Bai Suzhen
 34849 | Vaults:2 | Killed Bai Suzhen
 35051 | Vaults:2 | Found Orala's Distillery.
 35060 | Vaults:2 | Bought a potion of heal wounds for 95 gold pieces
 35060 | Vaults:2 | Bought a potion of heal wounds for 95 gold pieces
 35060 | Vaults:2 | Bought a potion of curing for 57 gold pieces
 35060 | Vaults:2 | Bought a potion of might for 76 gold pieces
 35266 | Vaults:3 | Identified an amulet "Weidgh" {Faith Regen+ Str+3}
 35481 | Vaults:3 | Noticed Frederick
 35494 | Vaults:3 | Killed Frederick
 35572 | Vaults:3 | Found a staircase to the Crypt.
 35985 | Vaults:3 | Identified the +3 spear "Doashywy" {vamp, rElec rC+ rCorr}
 36034 | Vaults:3 | Reached XP level 20. HP: 73/132 MP: 20/33
 36048 | Vaults:3 | You are sucked into a shaft and drop 1 floor!
 36174 | Vaults:4 | Found a runed translucent gate.
 36174 | Vaults:4 | Found a runed translucent gate.
 36174 | Vaults:4 | Found a runed translucent gate.
 36174 | Vaults:4 | Found an opulent altar of Gozag.
 36175 | Vaults:4 | Found Asirites's Assorted Antiques.
 36175 | Vaults:4 | Noticed WhatIsLove's ghost (veteran HOMo)
 36176 | Vaults:4 | Found Ruydy's Assorted Antiques.
 36522 | Vaults:4 | Found Ynaozur's Weapon Boutique.
 36662 | Vaults:4 | Found Ydwonoog's Weapon Emporium.
 37000 | Vaults:4 | Reached skill level 19 in Invocations
 37041 | Vaults:4 | Noticed Margery
 37058 | Vaults:4 | Noticed a Brimstone Fiend
 37073 | Vaults:4 | Killed Margery
 37079 | Vaults:4 | Killed a Brimstone Fiend
 37092 | Vaults:4 | Paralysed by a sphinx for 3 turns
 37386 | Vaults:4 | Killed WhatIsLove's ghost
 37853 | D:2      | Bought a small coral ring for 95 gold pieces
 38118 | Shoals:1 | Entered Level 1 of the Shoals
 38238 | Shoals:1 | Found a frozen archway.
 38253 | Shoals:1 | Identified the +3 hat of Leaves {Str+2 Dex+4}
 38269 | IceCv    | Entered an ice cave
 38459 | IceCv    | Found the +4 skin of Zhor {*Englaciate rC+++ SInv}
 38519 | IceCv    | Reached XP level 21. HP: 140/140 MP: 34/34
 38793 | IceCv    | Identified the +0 pair of boots of Yjuutrog {Int+3 Dex+5}
 38874 | IceCv    | Identified the +1 pair of boots of Kawa {-Tele Int+2 SInv}
 40725 | Shoals:3 | Noticed Mlioglotl
 40731 | Shoals:3 | Noticed a bone dragon
 40732 | Shoals:3 | Killed Mlioglotl
 41127 | Shoals:4 | Entered Level 4 of the Shoals
 41304 | Shoals:4 | Identified the amulet of Wu Jian's Favour {RegenMP rC-
                  | Str+7 Dex+4}
 41420 | Shoals:4 | Found the +4 consecrated labrys {holy, Valiant Fragile Fly
                  | SInv}
 41428 | Shoals:4 | Identified the +7 hand axe of Courage {flame, rF+}
 41467 | Shoals:4 | Reached skill level 20 in Invocations
 41615 | Shoals:4 | Got a barnacled rune of Zot
 42218 | D:15     | Killed Ostrewetu's ghost
 42232 | D:15     | Reached XP level 22. HP: 118/148 MP: 36/36
 42342 | Depths:1 | Entered Level 1 of the Depths
 42375 | Depths:1 | Reached skill level 10 in Evocations
 42602 | Depths:1 | Reached skill level 15 in Shields
 42709 | Depths:1 | Found Uqofonidgh's Jewellery Boutique.
 42709 | Depths:1 | Found Alajiup's Book Shoppe.
 42710 | Depths:1 | Found Qisown's Book Shoppe.
 42717 | Depths:1 | Reached skill level 1 in Throwing
 42763 | Depths:1 | Found a one-way gate leading to the halls of Pandemonium.
 42973 | Depths:1 | Found a portal to a secret trove of treasure.
 43015 | Depths:1 | Found a gateway to Hell.
 43085 | Depths:1 | Reached skill level 5 in Throwing
 43299 | Depths:1 | Found a radiant altar of Vehumet.
 43307 | Depths:1 | Identified the +3 hat of Divine Intervention {Str+2 Slay+2}
 43333 | Depths:1 | Identified the +1 hat of the Wereyak {Int+5}
 43703 | Depths:2 | Found Vuawkugo's Antique Weapon Boutique.
 43723 | Depths:2 | Noticed Nikola
 43742 | Depths:2 | Killed Nikola
 43756 | Depths:2 | Your ally Nikola died
 43892 | Depths:2 | Found a large runed translucent door.
 43892 | Depths:2 | Found a large runed translucent door.
 43895 | Depths:2 | Noticed qborf's ghost (veteran TrSh)
 43924 | Depths:2 | Killed qborf's ghost
 43930 | Depths:2 | Identified the ring "Piacuam" {Ice Str-2 Int+2 SInv}
 43933 | Depths:2 | Reached XP level 23. HP: 153/153 MP: 37/37
 44275 | Depths:2 | Noticed a golden dragon
 44284 | Depths:2 | Killed a golden dragon
 44290 | Depths:2 | Identified the +0 helmet of the Lion {rElec Regen+ Int-5
                  | Dex+5 Stlth+}
 44376 | Depths:2 | Reached skill level 21 in Invocations
 44789 | Depths:2 | Found an opulent altar of Gozag.
 44861 | Depths:2 | Found Gixzelint's Magic Scroll Emporium.
 44935 | Depths:2 | Found Ufragg's Book Emporium.
 45360 | Depths:3 | Found a runed translucent door.
 45363 | Depths:3 | Noticed Gaexku's ghost (veteran DrSh)
 45384 | Depths:3 | Reached XP level 24. HP: 159/159 MP: 37/37
 45552 | Depths:3 | Killed Gaexku's ghost
 46237 | Depths:3 | Reached skill level 22 in Invocations
 46360 | Depths:3 | Noticed a royal mummy
 46372 | Depths:3 | Killed a royal mummy
 46498 | Depths:4 | Entered Level 4 of the Depths
 46503 | Depths:4 | Found Hiss's Antique Armour Emporium.
 46751 | Depths:4 | Noticed Boris
 46771 | Depths:4 | Killed Boris
 46787 | Depths:4 | Noticed a juggernaut
 46798 | Depths:4 | Killed a juggernaut
 47153 | Depths:4 | Noticed Vv
 47154 | Depths:4 | Found a one-way gateway to a ziggurat.
 47175 | Depths:4 | Killed Vv
 47379 | Depths:4 | Found a shadowy altar of Dithmenos.
 47436 | Depths:4 | Identified the +0 ring mail of Yffaa {Contam Harm rPois
                  | rC++}
 47504 | Depths:4 | Found a gate to the Realm of Zot.
 47920 | Orc:2    | Killed Saint Roka
 48079 | Orc:2    | Found Quidafaa's Antique Armour Shop.
 48098 | Orc:2    | Found Pem Jeex's Antique Weapon Shop.
 48114 | Orc:2    | Found Ruhiak's General Store.
 48131 | Orc:2    | Found Anahubri's Book Shop.
 48352 | Elf:1    | Entered Level 1 of the Elven Halls
 48430 | Elf:1    | Reached skill level 23 in Invocations
 48636 | Elf:1    | Identified the +2 robe "Uvolao" {Regen+ rCorr Slay-6
                  | Archmagi}
 48760 | Elf:1    | Identified the ring of Wu Jian's Wrath {rPois rC+}
 49190 | Elf:1    | Reached XP level 25. HP: 120/164 MP: 32/38
 49459 | Elf:2    | Paralysed by an air elemental for 1 turns
 49894 | Elf:2    | Found a runed translucent gate.
 49895 | Elf:2    | Found a runed translucent gate.
 49895 | Elf:2    | Found a runed translucent gate.
 49990 | Elf:3    | Entered Level 3 of the Elven Halls
 50198 | Elf:3    | Reached skill level 24 in Invocations
 50438 | Elf:3    | Identified an amulet of Kunut {Faith rElec Regen+ Str+3}
 50497 | Elf:3    | Identified the ring of Birdsong {rF+ rC+}
 50577 | Elf:3    | Found a runed translucent gate.
 50577 | Elf:3    | Found a runed translucent gate.
 50577 | Elf:3    | Found a runed translucent gate.
 51117 | Elf:3    | Identified the ring "Wexeacy" {rPois MP+9}
 51139 | Elf:3    | Identified the staff "Nusex" {Int+4 Conj}
 51143 | Elf:3    | Got the Vellum of Blasting and the Tempest
 51298 | Elf:3    | Identified the +9 sling "Teorph" {flame, Int+2}
 51299 | Elf:3    | Identified the staff of Makhleb's Outrage {rElec rN+ rCorr
                  | Str+2 Necro}
 51899 | Depths:4 | Bought distressingly furry fire dragon scales for 2665 gold
                  | pieces
 51899 | Depths:4 | Identified the +5 fire dragon scales of the Ferocious God
                  | {+Inv rElec rF++ rC- Slay+2} (You bought it in a shop on
                  | level 4 of the Depths)
 52060 | Depths:1 | You paid a toll of +5 fire dragon scales to enter a
                  | treasure trove
 52061 | Trove    | Entered a treasure trove
 52081 | Trove    | Got Sif Muna's Anthology of Deathly Geology
 52094 | Trove    | Got Sif Muna's Anthology of Conjuration
 52097 | Trove    | Got Uxagoy's Anthology of the Prime Ground
 52150 | Depths:1 | Acquired 711 gold pieces
 52152 | Depths:1 | Acquired 956 gold pieces
 52154 | Depths:1 | Acquired a manual of Evocations
 52485 | Vaults:5 | Entered Level 5 of the Vaults
 52690 | Vaults:5 | Identified the staff "Dragonslayer" {rElec Will++ Air}
 52739 | Vaults:5 | Noticed Boris
 52758 | Vaults:5 | Reached XP level 26. HP: 77/170 MP: 35/39
 52802 | Vaults:5 | Killed Boris
 52815 | Vaults:5 | Reached skill level 5 in Dodging
 53003 | Vaults:5 | Your ally Louise died
 53141 | Vaults:5 | Reached skill level 25 in Invocations
 53240 | Vaults:5 | Noticed an ancient lich
 53254 | Vaults:5 | Killed an ancient lich
 53628 | Vaults:5 | Got a silver rune of Zot
 54329 | Snake:3  | Killed Dyetwah's ghost
 54836 | Zot:1    | Entered Level 1 of the Realm of Zot
 54867 | Zot:1    | Noticed a Killer Klown
 54898 | Zot:1    | Noticed a Killer Klown
 54914 | Zot:1    | Killed a Killer Klown
 55126 | Zot:1    | Killed a Killer Klown
 56239 | Zot:2    | Noticed a Killer Klown
 56264 | Zot:2    | Killed a Killer Klown
 56367 | Zot:2    | You are sucked into a shaft and drop 2 floors!
 56693 | Zot:4    | Reached XP level 27. HP: 175/175 MP: 39/39
 56757 | Zot:4    | Reached skill level 15 in Evocations
 57625 | Zot:3    | Reached skill level 26 in Invocations
 58912 | Zot:2    | Identified the +5 broad axe of Abomination {speed, rF+}
 59299 | Zig:1    | Entered Level 1 of a ziggurat
 59299 | Zig:1    | Noticed Dedeq the pandemonium lord
 59327 | Zig:1    | Killed Dedeq the pandemonium lord
 59379 | Zig:2    | Entered Level 2 of a ziggurat
 59409 | Zig:3    | Entered Level 3 of a ziggurat
 59410 | Zig:3    | Found the +9 staff of Olgreb {rPois∞}
 59452 | Zig:3    | Identified the +0 scale mail "Eliw" {Regen+ Str+3 Dex-2}
 59456 | Zig:4    | Entered Level 4 of a ziggurat
 59459 | Zig:4    | Noticed an ancient lich
 59494 | Zig:4    | Killed an ancient lich
 59517 | Zig:5    | Entered Level 5 of a ziggurat
 59592 | Zig:6    | Entered Level 6 of a ziggurat
 59651 | Zig:6    | Acquired a manual of Evocations
 59665 | Zig:7    | Entered Level 7 of a ziggurat
 59705 | Zig:7    | Found the +2 pair of slick slippers {slick, slippery, EV+4}
 59843 | Zig:8    | Entered Level 8 of a ziggurat
 61242 | Zot:5    | Entered Level 5 of the Realm of Zot
 61721 | Zot:5    | Reached skill level 27 in Invocations
 62020 | Zot:5    | Noticed an orb of fire
 62029 | Zot:5    | Gained mutation: You are dopey. (Int -2) [an orb of fire]
 62039 | Zot:5    | Killed an orb of fire
 62061 | Zot:5    | Noticed an orb of fire
 62061 | Zot:5    | Noticed an ancient lich
 62067 | Zot:5    | Noticed an orb of fire
 62072 | Zot:5    | Killed an ancient lich
 62078 | Zot:5    | Killed an orb of fire
 62081 | Zot:5    | Killed an orb of fire
 62086 | Zot:5    | Noticed an orb of fire
 62097 | Zot:5    | Killed an orb of fire
 62120 | Zot:5    | Noticed an orb of fire
 62139 | Zot:5    | Gained mutation: Your body sometimes deteriorates upon
                  | taking damage. [an orb of fire]
 62141 | Zot:5    | Killed an orb of fire
 62355 | Zot:5    | Noticed an orb of fire
 62355 | Zot:5    | Noticed an orb of fire
 62362 | Zot:5    | Noticed an orb of fire
 62369 | Zot:5    | Killed an orb of fire
 62374 | Zot:5    | Gained mutation: You are clumsy. (Dex -2) [an orb of fire]
 62377 | Zot:5    | Gained mutation: Your spells are a little easier to cast,
                  | but a little less powerful. [an orb of fire]
 62379 | Zot:5    | Got the Orb of Zot
 62780 | D:14     | Noticed Iliong the pandemonium lord
 62796 | D:14     | Killed Iliong the pandemonium lord
 63038 | D:9      | Noticed Wicuunk the pandemonium lord
 63147 | D:4      | Noticed Xatuod the pandemonium lord
 63281 | D:$      | Escaped with the Orb!

Illustrated notes

Levels and vault maps discovered:
D:1:      amcnicky_arrival_flooded_fountain, layout_basic
D:2:      layout_loops_cross, serial_shops, shop, chequers_arboretum,
          minmay_misc_feat_alley, uniq_sigmund
D:3:      layout_basic, grunt_temple_overflow_diamond, elyvilon_altar_5,
          uniq_jessica, uniq_crazy_yiuf_cottage
D:4:      layout_basic, mainiacjoe_overflow_cross_hatched,
          minmay_temple_entry_stoned_glass, portal_sewer_entry_e,
          lightli_minifort
D:5:      layout_loops_ring, kennysheep_little_box, lightli_temple_of_fire,
          serial_shops, nicolae_inconvenience_store, uniq_eustachio, uniq_pikel
D:6:      layout_gridville, nemelex_spade_bored_becter,
          corexii_item_surrounded_by_moat
D:7:      layout_layer_cave, serial_shops, shop, uniq_menkaure, uniq_joseph
D:8:      layout_loops_ring, mainiacjoe_overflow_24_doors,
          kennysheep_cluttered_room
D:9:      layout_basic, nicolae_qazlal_general_emergency, enter_bailey_2
D:10:     layout_stronghold, david_lair_generic, hiddenorc1_lemuel, uniq_maurice
D:11:     layout_irregular_city, serial_shops, shop
D:12:     layout_loops_cross, uniq_fannar, uniq_nergalle
D:13:     layout_rooms, hellmonk_vaults_keyhole, ebering_ghost_rock_garden,
          uniq_snorg
D:14:     layout_roguey, serial_rivers, chequers_serial_rivers_small_b,
          chequers_serial_rivers_small_3, chequers_serial_rivers_micro_b,
          chequers_serial_rivers_micro_b, chequers_serial_rivers_room_b,
          kennysheep_path_1, dreamdust_wasp_nest
D:15:     gammafunk_enter_depths_forms, layout_cave_pools, bloody_trog,
          gammafunk_ghost_split
Temple:   hellmonk_temple_flake
Lair:1:   layout_hall_layers
Lair:2:   layout_roguey, minmay_shoals_entry_beasts,
          guppyfry_snake_entry_island, beast_lair_carwin_3, grunt_megastairs_3
Lair:3:   gammafunk_mikee_crab_dinner, layout_loops_ring,
          nicolae_volcano_entry_two_sided
Lair:4:   layout_cave_shapes, serial_rivers, chequers_serial_rivers_micro_e,
          chequers_serial_rivers_micro_a, chequers_serial_rivers_large_a,
          chequers_serial_rivers_room_a, chequers_serial_rivers_micro_b,
          chequers_serial_rivers_small_b, uniq_kirke
Lair:5:   hellmonk_lair_end_abyssal_woods, layout_cave_pods, slime_entry_2
Shoals:1: layout_shoals, portal_ice_cave_entry_frozen_things,
          nicolae_shoals_stone_sculpture_thing, nicolae_shoals_water_booths
Shoals:2: layout_shoals, abandoned_shop
Shoals:3: layout_shoals, uniq_mlioglotl
Shoals:4: shoals_end_hellmonk_lost_city
Snake:1:  layout_onion
Snake:2:  layout_misc_corridors, basic_altar, grunt_megastairs_5
Snake:3:  layout_grid_maze, gammafunk_ghost_abyssal_escape,
          nicolae_shop_firing_range, grunt_megastairs_4, uniq_louise
Snake:4:  grunt_snake_rune_pools, layout_cave_town, minmay_shoptagon
Orc:1:    layout_caves, serial_shops, shop, nicolae_shop_back_alley_shop,
          nicolae_shop_pleasant_corner_grove,
          nicolae_shop_pleasant_corner_grove, nicolae_shop_industrial_runoff
Orc:2:    grunt_orc_cross, layout_diamond_mine, minmay_orc_temple_b,
          uniq_rupert, uniq_azrael, uniq_saint_roka
Elf:1:    minmay_elf_arrival_plus, layout_loops_cross,
          hangedman_elven_crosses_minicolossus, nicolae_elf_deep_friendship
Elf:2:    nicolae_elf_blades_crystal_corner, layout_geoelf_diagonals
Elf:3:    minmay_elf_hall_spiked, layout_onion_city, st_stairs_2,
          nicolae_elf_hall_of_bonks, grunt_megastairs_2
Vaults:1: nicolae_vaults_lightning_bolt, nicolae_vaults_alarming,
          hangedman_vaults_maws, vaults_mumra_hexcomb, vaults_dpeg_cross,
          nicolae_vaults_gold_heap, hangedman_vaults_cutoff, vaults_room_fours,
          nicolae_vaults_double_plus_1, vaults_mumra_minichess,
          layout_vaults_quadrants, serial_hangedman_research,
          hangedman_research_electronics
Vaults:2: ebering_ghost_xom, nicolae_vaults_closet_pinwheel_4,
          nicolae_vaults_closet_pinwheel_5, nicolae_vaults_six-pack,
          nicolae_vaults_what_the_h, vaults_room_corners,
          nicolae_vaults_doubleplus_tesselated, ontoclasm_vaults_ring_small,
          v_misc_14, vaults_room_grid, v_misc_15, layout_vaults_omnibox,
          serial_shops, shop, nicolae_shop_mannequins, shop,
          nicolae_shop_crystal, uniq_bai_suzhen
Vaults:3: nicolae_vaults_stepped_doors, minmay_crypt_entry_simple_plaza,
          v_pattern_1, v_misc_19, nicolae_vaults_network_star,
          nicolae_vaults_octothorpe, vaults_mumra_lcd,
          nicolae_vaults_disjoint_gnomons, nicolae_vaults_cornered_office,
          ontoclasm_vaults_gateway, nicolae_vaults_angled_halls,
          hangedman_vaults_stretched_pinwheel, hangedman_vaults_restitches,
          layout_vaults_omnicross, uniq_frederick
Vaults:4: ebering_ghost_gozag, nicolae_vaults_wrenched,
          ontoclasm_vaults_ring_square, vaults_dpeg_encased_lava,
          nicolae_vaults_steering_wheel, nicolae_vaults_little_squares_1,
          v_misc_1, nicolae_vaults_mini_display_case, vaults_room_door_ring,
          v_pattern_3, nicolae_vaults_taking_the_gang_shopping, v_misc_19,
          layout_vaults_maze_snakey, serial_shops, shop, uniq_margery
Vaults:5
Depths:1: layout_gridlike, rand_demon_pan_entry_7, glass_columns_a,
          hangedman_geh_valley, enter_trove_5, grunt_tower_of_power,
          minmay_shop_grove
Depths:2: minmay_the_grid_plus [minmay_the_grid_aliased_spiral,
          minmay_the_grid_minigrid_small, minmay_the_grid_tree,
          minmay_the_grid_dragon_a, minmay_the_grid_prize_diamond_cup],
          layout_basic, nicolae_gozag_cash_rules_everything_around_me,
          serial_shops, shop, shop, nicolae_shop_rolled_up, hell_entry,
          ebering_ghost_disaster_area, rand_demon_pan_entry_4,
          marbit_kobold_abyss_entry, infiniplex_staircase_zigzag_5, uniq_nikola
Depths:3: lemuel_minitomb, layout_basic, hell_entry,
          ebering_ghost_reflecting_pool, hangedman_abyss_entry_splay,
          hangedman_decor_opposing, grunt_pan_entry_in_and_out,
          infiniplex_staircase_river
Depths:4: grunt_twist_and_shout, layout_gridlike, enter_ziggurat_c,
          nicolae_abyss_entry_one_way_or_another, serial_shops, shop,
          hell_entry, eino_curves_03, nicolae_dithmenos_shadow_blocks, uniq_vv,
          uniq_boris
Zot:1:    grunt_zot_stairs_faceoff, layout_basic, st_stairs_10
Zot:2:    kennysheep_bubbly, layout_onion, st_small_dragon_hoard_2
Zot:3:    layout_concentric_octagons, st_stairs_11
Zot:4:    layout_gridville
Zot:5:    layout_twisted_circle, st_stairs_6, grunt_ministairs_14

Skill      XL: |  1  2  3  4  5  6  7  8  9 10 11 12 13 14 15 16 17 18 19 20 21 22 23 24 25 26 27 |
---------------+----------------------------------------------------------------------------------+-----
Fighting       | 2 3 4 5 6 7 8 9 11 12 13 14 15 16 17 18 19 | 19.3
Armour         | 1 2 3 4 5 7 8 9 10 11 13 14 15 16 17 18 19 22 23 24 26 | 26.6
Unarmed Combat | 4 5 6 7 8 9 10 11 13 14 15 16 17 20 | 20.5
Invocations    | 1 2 3 4 6 7 9 10 11 13 14 16 17 18 19 20 21 23 24 25 27 | 27.0
Shapeshifting  | 3 4 5 6 7 |  7.0
Evocations     | 4 5 6 8 9 10 11 14 19 | 19.9
Shields        | 6 7 9 11 12 13 14 15 | 15.0
Throwing       | 5 6 |  6.0
Dodging        | 4 7 8 |  8.0

Action                     |  1- 3 |  4- 6 |  7- 9 | 10-12 | 13-15 | 16-18 | 19-21 | 22-24 | 25-27 || total
---------------------------+-------+-------+-------+-------+-------+-------+-------+-------+-------++-------
  Melee: Unarmed           |    86 |   198 |   304 |   660 |  1299 |  1089 |  1104 |  1087 |  1746 ||  7573
         Punch             |     1 |     8 |    18 |    50 |   106 |    15 |       |       |       ||   198
         Spear             |       |       |    44 |       |       |       |    10 |       |       ||    54
         Whip              |       |       |       |       |     2 |       |       |       |       ||     2
   Fire: Shortbow          |       |       |     1 |     6 |       |       |       |       |       ||     7
  Throw: Stone             |       |     1 |       |       |       |       |       |       |       ||     1
         Dart              |       |       |     7 |    12 |    30 |     5 |     5 |     8 |    10 ||    77
 Invoke: Recall Undead Har |       |     1 |     7 |     6 |    11 |    14 |    12 |     8 |    12 ||    71
         Dark Bargain      |       |     1 |     3 |     3 |    10 |    10 |    21 |    18 |    43 ||   109
         Bind Soul         |       |       |       |     3 |     5 |     4 |       |       |     4 ||    16
         Drain Life        |       |       |       |     1 |     2 |     3 |     7 |     2 |     8 ||    23
Ability: Begin Untransform |       |       |     1 |       |       |       |       |       |       ||     1
         Evoke the Staff o |       |       |       |       |       |       |       |       |     2 ||     2
  Evoke: Wand              |       |       |       |     6 |    19 |    11 |     1 |     1 |    24 ||    62
         Lightning rod     |       |       |       |       |     8 |       |     4 |     4 |     6 ||    22
         Phantom mirror    |       |       |       |       |     3 |     2 |     1 |     2 |     2 ||    10
         Box of beasts     |       |       |       |       |     1 |       |       |       |     1 ||     2
         Condenser vane    |       |       |       |       |       |       |       |     1 |     2 ||     3
    Use: Potion            |     4 |     2 |     5 |     3 |    15 |     2 |     3 |     5 |    30 ||    69
         Scroll            |     3 |     4 |     7 |     8 |     8 |     6 |     4 |     3 |    18 ||    61
   Stab: Distracted        |       |     1 |     2 |     5 |    13 |    21 |    22 |    27 |    36 ||   127
         Paralysed         |       |       |       |       |    19 |     2 |       |     1 |       ||    22
         Petrified         |       |       |       |       |    10 |       |       |       |       ||    10
         Petrifying        |       |       |       |       |     3 |       |       |       |       ||     3
         Invisible         |       |       |       |       |     3 |       |       |       |     1 ||     4
         Confused          |       |       |       |       |       |       |       |       |     2 ||     2
 Armour: Animal skin       |     3 |       |       |       |       |       |       |       |       ||     3
         Skin              |     6 |       |       |       |       |     4 |       |       |       ||    10
         Leather armour    |     6 |       |       |       |       |       |       |       |       ||     6
         Chain mail        |     1 |   124 |    19 |       |       |       |       |       |       ||   144
         Plate armour      |       |       |   130 |       |       |       |       |       |       ||   130
         Crystal plate arm |       |       |   102 |   726 |  1479 |   908 |   851 |   674 |  1522 ||  6262
  Dodge: Dodged            |    32 |    92 |    81 |   164 |   455 |   233 |   233 |   183 |   527 ||  2000
  Block: Kite shield       |       |       |       |       |       |   558 |   757 |   593 |  1146 ||  3054
         Buckler           |       |       |       |       |       |    33 |       |       |       ||    33
         Reflection        |       |       |       |       |       |    14 |       |       |       ||    14

Table legend: (Time is in decaauts)
 A = Elapsed time spent in this place.
 B = Non-inter-level travel time spent in this place.
 C = Inter-level travel time spent in this place.
 D = Time resting spent in this place.
 E = Time spent auto-exploring this place.
 F = Levels seen in this place.
 G = Mean time per level.
                   A        B        C        D        E       F      G
               +--------+--------+--------+--------+--------+-----+--------+
         Total |  61384 |  54627 |   6757 |  12205 |  22373 |  61 | 1006.3 |
       Dungeon |  18378 |  15354 |   3024 |   3135 |   7729 |  15 | 1225.2 |
        Temple |     22 |      2 |     20 |      0 |      0 |   1 |   22.0 |
          Lair |   7698 |   7027 |    671 |   2556 |   2563 |   5 | 1539.6 |
        Shoals |   2985 |   2812 |    173 |    164 |   1397 |   4 |  746.2 |
     Snake Pit |   4715 |   4390 |    325 |   1435 |   1392 |   4 | 1178.8 |
  Orcish Mines |   2527 |   2333 |    194 |    814 |    587 |   2 | 1263.5 |
   Elven Halls |   3092 |   2923 |    169 |    149 |   1592 |   3 | 1030.7 |
        Vaults |   7668 |   6851 |    817 |   1054 |   2840 |   5 | 1533.6 |
        Depths |   5990 |   4994 |    996 |    928 |   1899 |   4 | 1497.5 |
           Zot |   5427 |   5064 |    363 |    965 |   1995 |   5 | 1085.4 |
      Ziggurat |    575 |    575 |      0 |    185 |      0 |   8 |   71.9 |
         Trove |     79 |     79 |      0 |      0 |     10 |   1 |   79.0 |
         Sewer |    507 |    507 |      0 |    105 |    195 |   1 |  507.0 |
        Bailey |    415 |    415 |      0 |    161 |     25 |   1 |  415.0 |
      Ice Cave |    708 |    708 |      0 |    209 |    148 |   1 |  708.0 |
       Volcano |    592 |    592 |      0 |    344 |      0 |   1 |  592.0 |
               +--------+--------+--------+--------+--------+-----+--------+

Top non-repeatable levels by time:
  Lair:3: 2107 daAuts
    D:10: 2094 daAuts
Vaults:1: 2033 daAuts
Depths:2: 2009 daAuts
  Lair:5: 1951 daAuts
    D:15: 1927 daAuts
     D:3: 1581 daAuts
 Snake:4: 1564 daAuts
Vaults:2: 1531 daAuts
     D:7: 1500 daAuts
     D:5: 1492 daAuts
  Lair:2: 1470 daAuts
    D:13: 1439 daAuts
Vaults:4: 1427 daAuts
  Lair:1: 1423 daAuts
